 Dungeon Crawl Stone Soup version 0.26-a0-651-gb41185065b (webtiles) character file.

Game seed: 6176427644498726589

(classic levelgen) 103 EnegeticOcto the Chopper (level 4, -3/40 HPs)
             Began as a Deep Dwarf Fighter on Oct 23, 2020.
             Succumbed to Sigmund's poison
             ... on level 3 of the Dungeon.
             The game lasted 00:02:36 (451 turns).

EnegeticOcto the Chopper (Deep Dwarf Fighter)        Turns: 451, Time: 00:02:37

Health: -3/40      AC:  6    Str: 19    XL:     4   Next: 51%
Magic:  0/3        EV:  7    Int: 10    God:
Gold:   97         SH:  0    Dex: 12    Spells: 3/3 levels left

rFire    . . .     SeeInvis .   a - +0 war axe
rCold    . . .     Faith    .   c - +0 kite shield
rNeg     . . .     Spirit   +   b - +0 scale mail
rPois    .         Reflect  .   (no helmet)
rElec    .         Harm     .   (no cloak)
rCorr    .         Rampage  .   (no gloves)
MR       .....                  (no boots)
Stlth    ..........             m - amulet of guardian spirit
HPRegen  0.00/turn              (no ring)
MPRegen  0.08/turn              (no ring)

@: confused, lethally poisoned (-3 -> -48), non-regenerating
A: damage resistance, heal wounds, sense surroundings 1, no regeneration
a: Heal Wounds


You were on level 3 of the Dungeon.
You visited 1 branch of the dungeon, and saw 3 of its levels.

You collected 97 gold pieces.

Inventory:

Hand Weapons
 a - a +0 war axe (weapon)
Armour
 b - a +0 scale mail (worn)
 c - a +0 kite shield (worn)
Jewellery
 m - an amulet of guardian spirit (around neck)
Scrolls
 e - a scroll of magic mapping {unknown}
 f - a scroll of identify {unknown}
 h - a scroll of fear {unknown}
 i - a scroll of teleportation {unknown}
 j - a scroll of enchant armour {unknown}
 l - a scroll of enchant weapon {unknown}
 n - a scroll of amnesia {unknown}
Potions
 d - 2 potions of might {@q3}
 g - 2 potions of curing {unknown}
 k - 2 potions of lignification {unknown}


   Skills:
 - Level 2.6 Fighting
 + Level 5.3 Axes
 - Level 3.2 Armour
 - Level 3.2 Shields


You had 3 spell levels left.
You didn't know any spells.
Your spell library was empty.

Dungeon Overview and Level Annotations

Branches:
Dungeon (3/15)

Altars:

Annotations:
D:3 Sigmund


Innate Abilities, Weirdness & Mutations

You are resistant to damage.
You can heal yourself by infusing magical energy.
You passively map a small area around you.
You do not regenerate.


Message History

Your magical essence is drained by the effort!
You feel much better. The adder bites you. You block the orc's attack.
The orc priest barely misses you.
The orc priest hits you but does no damage.
You block something's attack. The orc hits you with a +0 club.
You block the adder's attack. You block the orc's attack.
The adder barely misses you.
You fail to use your ability.
The orc completely misses you. Something completely misses you.
The orc priest hits you. The adder bites you but does no damage.
The orc hits you with a +0 trident.
You slash the orc priest!
You kill the orc priest!
You closely miss the orc. You barely miss something.
You hit the orc but do no damage. You slash the orc priest! You miss the adder.
You block the adder's attack. You block the orc's attack.
The orc priest hits you. The orc hits you with a +0 trident.
Something hits you.
* * * LOW HITPOINT WARNING * * *
You are more poisoned.
The adder bites you.
* * * LOW HITPOINT WARNING * * *
The orc hits you but does no damage.
You are too injured to fight recklessly!
You feel much better.
You feel sick. The orc priest hits you. The adder bites you but does no damage.
The orc hits you with a +0 trident. Something hits you but does no damage.
You closely miss the orc priest.
The orc priest is severely wounded.
Your shield and scale mail prevent you from hitting the adder.
You hit the orc but do no damage. You hit something but do no damage.
You hit the orc but do no damage.
You feel sick. The orc hits you with a +0 club.
The orc priest hits you but does no damage.
You block the adder's attack. The orc barely misses you.
The orc hits you but does no damage. The adder closely misses you.
The orc priest hits you.
You hit the orc priest.
You kill the orc priest!
Your Axes skill increases to level 5!
You have reached level 4!
You feel clever.
You closely miss the orc. You hit something but do no damage.
You slash the orc!
You kill the orc!
You closely miss the adder. Something hits you but does no damage.
The adder closely misses you. The orc hits you with a +0 club.
You closely miss the adder.
The adder is lightly wounded.
You hit the orc but do no damage. You miss something. The adder bites you.
You hear some strange, mumbled words.
A puff of flame appears from out of thin air!
The puff of flame hits you. The adder bites you but does no damage.
The orc hits you with a +0 club. Something hits you!
You are more poisoned.
Your shield prevents you from hitting the adder.
The adder is lightly wounded.
You hit the orc. You closely miss something.
You feel very sick. You block the adder's attack. You block the orc's attack.
The adder bites you but does no damage.
You are too injured to fight recklessly!
You feel much better.
You feel very sick. Something hits you but does no damage.
You are more poisoned.
You block the orc's attack. You block the adder's attack.
You hit the orc but do no damage.
The orc is lightly wounded.
You miss something. You closely miss the adder.
You feel very sick. You block the adder's attack.
The orc hits you but does no damage. Something hits you.
You are more poisoned.
The adder closely misses you.
You hit the orc but do no damage.
The orc is lightly wounded.
You hit something. You hit the adder.
You feel very sick. The orc hits you but does no damage. The adder bites you.
Something hits you!
You are more poisoned.
You block the orc's attack. The adder closely misses you.
You slash the adder!
You kill the adder!
You hit the orc but do no damage. You closely miss something.
* * * LOW HITPOINT WARNING * * *
You feel extremely sick.
You hear some strange, mumbled words.
You are confused.
The orc hits you but does no damage.
You're too confused!
You are too injured to fight recklessly!
You completely miss something. You barely miss the orc.
* * * LOW HITPOINT WARNING * * *
You feel very sick. Something hits you.
* * * LOW HITPOINT WARNING * * *
You are more poisoned.
The orc hits you but does no damage.
You miss something. You miss the orc.
You die...

,#..##.##....#.## ,
* ,+. ..... ...... ,
,,#. #...###..#.##*
, #.##............#
, ,
####......#......#.#
,
...................#
###..#............#
,
#.........o.....#.*
,
##.####..{@........
###.####.#
#..).)....#.#
#.....[<.#
#.........#, ,
#.#.####.#
#........... #.#
#......#....# , ,
... .......+.....
,...##.......#.#..#
* ,...##.....### ..
.....+......


You could see an orc.

Vanquished Creatures
  2 orc priests (D:3)
  An adder (D:3)
  2 oozes (D:2)
  2 dart slugs (D:2)
  2 orcs (D:3)
  3 hobgoblins
  A kobold (D:2)
  A ball python (D:2)
  7 bats
  2 frilled lizards (D:1)
  A goblin (D:2)
  5 rats
29 creatures vanquished.

Notes
Turn   | Place    | Note
-------+----------+-------------------------------------------
     0 | D:1      | EnegeticOcto the Deep Dwarf Fighter began the quest for the
                  | Orb.
     0 | D:1      | Reached XP level 1. HP: 20/20 MP: 1/1
   128 | D:1      | Reached skill level 3 in Axes
   130 | D:1      | Reached XP level 2. HP: 18/27 MP: 2/2
   386 | D:2      | Reached XP level 3. HP: 32/33 MP: 3/3
   407 | D:2      | Reached skill level 4 in Axes
   424 | D:3      | Noticed Sigmund
   443 | D:3      | Reached skill level 5 in Axes
   443 | D:3      | Reached XP level 4. HP: 34/40 MP: 0/3
   450 | D:3      | HP: 2/40 [something (4)]
   451 | D:3      | Succumbed to Sigmund's poison

Illustrated notes

Levels and vault maps discovered:
D:1:      erik_arrival_blinker_ship, layout_loops_ring
D:2:      layout_loops_ring, uniq_terence
D:3:      gammafunk_wand_slinger, layout_basic, uniq_sigmund

Skill      XL: |  1  2  3 |
---------------+----------+-----
Axes           | 3 5 |  5.3
Fighting       | |  2.6
Armour         | |  3.2
Shields        | |  3.2

Action                   |  1- 3 |  4- 6 || total
-------------------------+-------+-------++-------
Melee: War axe           |    46 |     7 ||    53
 Abil: Heal Wounds       |     3 |     1 ||     4
Armor: Scale mail        |   132 |     8 ||   140
Dodge: Dodged            |    81 |     3 ||    84
Block: Kite shield       |   118 |     6 ||   124

Table legend: (Time is in decaauts)
 A = Elapsed time spent in this place.
 B = Non-inter-level travel time spent in this place.
 C = Inter-level travel time spent in this place.
 D = Time resting spent in this place.
 E = Time spent auto-exploring this place.
 F = Levels seen in this place.
 G = Mean time per level.
                   A        B        C        D        E       F      G
               +--------+--------+--------+--------+--------+-----+--------+
         Total |    472 |    472 |      0 |      0 |      0 |   3 |  157.3 |
       Dungeon |    472 |    472 |      0 |      0 |      0 |   3 |  157.3 |
               +--------+--------+--------+--------+--------+-----+--------+

Top non-repeatable levels by time:
     D:1: 225 daAuts
     D:2: 210 daAuts
     D:3: 36 daAuts
